 Dungeon Crawl Stone Soup version 0.19.5 (console) character file.

511 Theodoric the Covered (level 6, -6/57 HPs)
             Began as a Deep Dwarf Fighter on Mar 25, 2017.
             Was an Initiate of Elyvilon.
             Mangled by an orc warrior
             ... wielding a +0 mace
              (11 damage)
             ... on level 4 of the Dungeon.
             The game lasted 00:28:02 (2152 turns).

Theodoric the Covered (Deep Dwarf Fighter)          Turns: 2152, Time: 00:28:03

Health: -6/57      AC:  7    Str: 20    XL:     6   Next: 99%
Magic:  6/6        EV:  7    Int:  8    God:    Elyvilon [......]
Gold:   129        SH: 10    Dex: 14    Spells: 0 memorised, 5 levels left

rFire  . . .     SeeInvis .     a - +0 war axe
rCold  . . .     Gourm    .     b - +0 scale mail
rNeg   . . .     Faith    .     c - +0 shield
rPois  .         Spirit   .     (no helmet)
rElec  .         Reflect  .     (no cloak)
rCorr  .         Harm     .     (no gloves)
MR     .....                    (no boots)
Stlth  ..........               (no amulet)
                                (no ring)
                                (no ring)

@: non-regenerating
A: damage resistance, recharge devices, sense surroundings 1, slow regeneration
3
a: Device Recharging, Renounce Religion


You were on level 4 of the Dungeon.
You worshipped Elyvilon.
Elyvilon was noncommittal.
You were not hungry.

You visited 2 branches of the dungeon, and saw 5 of its levels.

You collected 129 gold pieces.

Inventory:

Hand Weapons
 a - a +0 war axe (weapon)
 A - a +0 hand axe
 B - a +0 dagger of protection
 H - a +0 hunting sling
 J - a +4 dagger
Missiles
 l - 16 arrows
 r - 16 poisoned needles
 x - 16 sling bullets
 I - 16 stones (quivered)
Armour
 b - a +0 scale mail (worn)
 c - a +0 shield (worn)
 o - a +0 ring mail
 p - a +0 cloak
 D - a +0 scale mail
 K - a +0 helmet
Jewellery
 w - a cursed amulet of regeneration {unknown}
Wands
 e - a wand of heal wounds (0/9)
 E - a wand of flame (15/48)
Scrolls
 g - a scroll of amnesia {unknown}
 i - a scroll of blinking {unknown}
 j - a scroll of fog {unknown}
 y - 6 scrolls of remove curse {unknown}
 G - a scroll of identify {unknown}
Potions
 d - a potion of might
 k - 2 potions of magic
 m - 2 potions of brilliance {unknown}
 s - a potion of lignification {unknown}
 t - 2 potions of curing {unknown}
 u - 2 potions of haste {unknown}
 v - a potion of invisibility {unknown}
 z - a potion of cancellation {unknown}
 C - a potion of degeneration {unknown}
Comestibles
 f - 4 bread rations
 n - 3 meat rations
 q - a beef jerky


   Skills:
 + Level 4.0 Fighting
 + Level 4.9 Axes
 + Level 5.1 Armour
 - Level 0.2 Dodging
 + Level 5.1 Shields


You had 5 spell levels left.
You didn't know any spells.

Dungeon Overview and Level Annotations

Branches:
Dungeon (4/15)             Temple (1/1) D:4

Altars:
Ashenzari
Cheibriados
Dithmenos
Elyvilon
Fedhas
Gozag
Hepliaklqana
Kikubaaqudgha
Okawaru
Trog
Uskayaw
Vehumet
Yredelemnul
The Shining One


Innate Abilities, Weirdness & Mutations

You are resistant to damage.
You can recharge devices by infusing magical energy.
You passively map a small area around you.
You do not regenerate.


Message History

You closely miss the orc warrior. The orc hits you but does no damage.
You block the orc warrior's attack.
You hit the orc but do no damage.
The orc is severely wounded.
You hit the orc warrior. You block the orc's attack.
The orc warrior hits you with a mace!
* * * LOW HITPOINT WARNING * * *
You block the orc's attack.
You barely miss the orc.
The orc is severely wounded.
You hit the orc warrior but do no damage.
The orc warrior hits you with a mace!
* * * LOW HITPOINT WARNING * * *
You block the orc's attack.
You hit the orc.
You kill the orc!
You hit the orc warrior.
You hear the brisk rusting of a distant drain.
The orc warrior hits you with a mace!
You die...

* #....#, * #.#
###....# *#.#
##......#* * #.#
........# o. #.#
........# .o. #.#
........# .o.$ , .o#
......#.##..# , #.#
......#.#..#,### #.#
......#...####8###.#
......#.###.)..)##.#
####...........o@).#
#.#........######
#...######## ##.##
#.# #.# #####.#
......# #######


You could see an orc warrior.

Vanquished Creatures
  An ogre (D:4)
  Ijyb (D:3)
  Natasha (thrice) (D:3)
  4 worker ants (D:4)
  Robin (D:4)
  6 adders
  4 gnolls
  2 oozes
  5 worms (D:2)
  2 dart slugs (D:1)
  A leopard gecko (D:1)
  2 orcs (D:4)
  5 bats
  2 giant cockroaches
  22 goblins
  11 hobgoblins
  16 jackals
  5 frilled lizards
  7 kobolds
  7 rats
107 creatures vanquished.

Notes
Turn   | Place    | Note
-------+----------+-------------------------------------------
     0 | D:1      | Theodoric the Deep Dwarf Fighter began the quest for the Orb.
     0 | D:1      | Reached XP level 1. HP: 20/20 MP: 1/1
   136 | D:1      | Reached XP level 2. HP: 24/27 MP: 2/2
   474 | D:1      | Reached XP level 3. HP: 24/33 MP: 3/3
   756 | D:2      | Found an iron altar of Okawaru.
   791 | D:2      | Reached XP level 4. HP: 28/40 MP: 4/4
  1196 | D:3      | Reached XP level 5. HP: 30/49 MP: 5/5
  1279 | D:3      | Noticed Natasha
  1304 | D:3      | Killed Natasha
  1674 | D:3      | Noticed Natasha
  1675 | D:3      | Noticed Ijyb
  1680 | D:3      | Killed Natasha
  1681 | D:3      | Killed Ijyb
  1699 | D:3      | Noticed Natasha
  1704 | D:3      | HP: 1/49 [Natasha/wand of flame (7)]
  1707 | D:3      | Killed Natasha
  1707 | D:3      | Reached XP level 6. HP: 24/56 MP: 6/6
  1876 | D:4      | Noticed Robin
  1877 | D:4      | Killed Robin
  1889 | D:4      | Found a staircase to the Ecumenical Temple.
  1896 | Temple   | Entered the Ecumenical Temple
  1912 | Temple   | Became a worshipper of Elyvilon the Healer
  1962 | D:4      | Found a shattered altar of Ashenzari.
  1962 | D:4      | Found a shadowy altar of Dithmenos.
  1964 | D:4      | Found a hide-covered altar of Uskayaw.
  1964 | D:4      | Found a blossoming altar of Fedhas.
  1967 | D:4      | Found a basalt altar of Yredelemnul.
  2057 | D:4      | Reached skill level 5 in Armour
  2057 | D:4      | Reached skill level 5 in Shields
  2121 | D:4      | Noticed an orc warrior
  2140 | D:4      | Elyvilon protects you from harm!
  2152 | D:4      | Mangled by an orc warrior

Skill      XL: |  1  2  3  4  5  6 |
---------------+-------------------+-----
Axes           | 3 4 |  4.9
Armour         | 4 5 |  5.1
Fighting       | 3 4 |  4.0
Shields        | 4 5 |  5.1
Dodging        | |  0.2

Action                   |  1- 3 |  4- 6 || total
-------------------------+-------+-------++-------
Melee: War axe           |   142 |   208 ||   350
Evoke: Wand              |       |     5 ||     5
  Use: Potion            |       |     1 ||     1
  Eat: Fruit             |       |     5 ||     5
       Chunk             |       |     1 ||     1
Armor: Scale mail        |    59 |    85 ||   144
Dodge: Dodged            |    42 |    71 ||   113
Block: Shield            |    77 |   124 ||   201
